 Dungeon Crawl Stone Soup version 0.28.0-43-g3370ac3207 (webtiles) character file.

Game seed: 18015190812244671095

27960 Ablot the Thaumaturge (level 13, -15/101 HPs)
             Began as a Gnoll Warper on Mar 14, 2022.
             Was an Elder of Dithmenos.
             Demolished by a white ugly thing (32 damage)
             ... on level 14 of the Dungeon.
             The game lasted 00:47:43 (19782 turns).

Ablot the Thaumaturge (Gnoll Warper)               Turns: 19782, Time: 00:47:43

Health: -15/101    AC: 11    Str: 21    XL:     13   Next: 35%
Magic:  21/26      EV: 19    Int: 12    God:    Dithmenos [****..]
Gold:   865        SH: 11    Dex: 13    Spells: 14/31 levels left

rFire   + . .      SeeInvis .   M - +10 short sword of Shrieking Terror {vorpal, rF+ Str+6}
rCold   . . .      Faith    .   I - +0 buckler
rNeg    . . .      Spirit   .   b - +0 steam dragon scales
rPois   .          Reflect  +   a - +0 helmet
rElec   .          Harm     .   x - scarf {shadows}
rCorr   .          Rampage  .   n - +0 pair of gloves
Will    .....      Rage     1%  K - +0 pair of boots
Stlth   +++++.....              e - amulet of reflection
HPRegen 0.26/turn               l - +4 ring of protection
MPRegen 0.20/turn               E - +4 ring of evasion

@: lethally poisoned (-15 -> -33), corroded, freezing walls, wreathed by umbra
A: fangs 1, strong nose, distributed training, berserk 1
a: Renounce Religion, Shadow Step


You were on level 14 of the Dungeon.
You worshipped Dithmenos.
Dithmenos was greatly pleased with you.
You visited 2 branches of the dungeon, and saw 15 of its levels.
You also visited: Bailey.

You collected 865 gold pieces.

Inventory:

Hand Weapons
 r - the +9 rapier of Gravity {vorpal, rC++}
   (You found it on level 8 of the Dungeon)

   It inflicts extra damage upon your enemies.
   rC:        It greatly protects you from cold.
 y - a +2 hunting sling of flaming
 M - the +10 short sword of Shrieking Terror (weapon) {vorpal, rF+ Str+6}
   (You found it on level 8 of the Dungeon)

   It inflicts extra damage upon your enemies.
   Str:       It affects your strength (+6).
   rF:        It protects you from fire.
Missiles
 d - 7 boomerangs of dispersal
 f - 563 stones
 g - 76 sling bullets
 m - 294 arrows
 o - 61 poisoned darts
 z - 51 bolts
 O - 23 boomerangs (quivered)
 Q - 2 throwing nets
 X - 6 atropa-tipped darts
 Y - 7 curare-tipped darts
Armour
 a - a +0 helmet (worn)
 b - +0 steam dragon scales (worn)
 n - a +0 pair of gloves (worn)
 x - a scarf of shadows (worn)
 I - a +0 buckler (worn)
 K - a +0 pair of boots (worn)
Jewellery
 e - an amulet of reflection (around neck)
 l - a +4 ring of protection (left hand)
 A - a ring of protection from fire
 E - a +4 ring of evasion (right hand)
 L - a ring of resist corrosion
Wands
 s - a wand of flame (32)
 J - a wand of iceblast (24)
 U - a wand of acid (2)
 W - a wand of polymorph (4)
Scrolls
 c - 2 scrolls of blinking
 i - a scroll of holy word {unknown}
 t - 2 scrolls of silence {unknown}
 u - 2 scrolls of magic mapping {unknown}
 v - 5 scrolls of enchant armour
 B - 2 scrolls of fog
 C - 2 scrolls of enchant weapon {unknown}
 N - 3 scrolls of vulnerability
 P - 3 scrolls of teleportation
 R - 2 scrolls of fear {unknown}
 S - a scroll of acquirement
 T - a scroll of immolation {unknown}
 V - 4 scrolls of amnesia
Potions
 j - 2 potions of magic
 k - 3 potions of haste
 p - 4 potions of mutation
 q - 6 potions of curing
 w - 4 potions of might
 D - 2 potions of brilliance
 F - 3 potions of resistance
 G - 4 potions of ambrosia
 H - 3 potions of berserk rage
 Z - a potion of invisibility
Miscellaneous
 h - a phial of floods


   Skills:
 + Level 9.5 Fighting
 + Level 8.2 Short Blades
 + Level 8.2 Long Blades
 + Level 8.2 Axes
 + Level 8.2 Maces & Flails
 + Level 9.5 Polearms
 + Level 8.2 Staves
 + Level 8.2 Slings
 + Level 8.2 Bows
 + Level 8.2 Crossbows
 + Level 8.6 Throwing
 + Level 8.6 Armour
 + Level 9.5 Dodging
 + Level 8.2 Stealth
 + Level 8.2 Shields
 + Level 8.2 Unarmed Combat
 + Level 9.7 Spellcasting
 + Level 6.8 Conjurations
 + Level 6.8 Hexes
 + Level 6.8 Summonings
 + Level 6.8 Necromancy
 + Level 8.8 Translocations
 + Level 6.8 Transmutations
 + Level 6.8 Fire Magic
 + Level 6.8 Ice Magic
 + Level 6.8 Air Magic
 + Level 6.8 Earth Magic
 + Level 6.8 Poison Magic
 + Level 9.0 Invocations
 + Level 8.2 Evocations


You had 14 spell levels left.
You knew the following spells:

 Your Spells              Type           Power      Damage    Failure   Level
a - Blink                 Tloc           54%        N/A       1%          2
b - Call Imp              Summ           22%        N/A       1%          2
c - Gell's Gravitas       Tloc           27%        N/A       1%          3
d - Animate Skeleton      Necr           44%        N/A       1%          1
e - Mephitic Cloud        Conj/Pois/Air  22%        N/A       2%          3
f - Frozen Ramparts       Ice            44%        1d6       2%          3
g - Vampiric Draining     Necr           22%        2d7       2%          3

Your spell library contained the following spells:

 Spells                   Type           Power      Damage    Failure   Level
 Apportation              Tloc           54%        N/A       1%          1
 Freeze                   Ice            88%        1d10      1%          1
 Magic Dart               Conj           88%        1d7       1%          1
 Pain                     Necr           88%        1d8       1%          1
 Corpse Rot               Necr/Air       44%        N/A       1%          2
 Static Discharge         Conj/Air       22%        N/A       1%          2
 Lesser Beckoning         Tloc           27%        N/A       1%          3
 Portal Projectile        Hex/Tloc       48%        N/A       1%          3
 Teleport Other           Tloc           27%        N/A       1%          3
 Call Canine Familiar     Summ           22%        N/A       2%          3
 Ignite Poison            Fire/Tmut/Pois 22%        N/A       2%          3
 Spider Form              Tmut/Pois      22%        N/A       2%          3
 Hailstorm                Conj/Ice       22%        3d7       9%          4
 Leda's Liquefaction      Hex/Erth       11%        N/A       9%          4
 Summon Lightning Spire   Summ/Air       22%        N/A       9%          4
 Manifold Assault         Tloc           27%        N/A       11%         5
 Agony                    Necr           22%        N/A       26%         5
 Alistair's Intoxication  Tmut/Pois      14%        N/A       26%         5
 Excruciating Wounds      Necr           11%        N/A       26%         5
 Freezing Cloud           Conj/Ice/Air   11%        6-21      26%         5
 Dispersal                Tloc           13%        N/A       52%         6
 Chain Lightning          Conj/Air       11%        3d14      100%        9


Dungeon Overview and Level Annotations

Branches:
Dungeon (14/15)            Temple (1/1) D:6            Lair (0/6) D:11
    Orc (0/2) D:11         Bailey (visited)
 Vaults: D:13-14

Altars:
Ashenzari
Cheibriados
Dithmenos
Elyvilon
Fedhas
Gozag
Hepliaklqana
Kikubaaqudgha
Makhleb
Nemelex Xobeh
Okawaru
Qazlal
Ru
Sif Muna
Trog
Uskayaw
Vehumet
Wu Jian
Xom
Yredelemnul
Zin
The Shining One

Shops:
D:2 =   D:7 =   D:13 =(   D:14 [

Annotations:
D:13 exclusion: centaur warrior, Snorg
D:14 exclusion: door


Innate Abilities, Weirdness & Mutations

You have very sharp teeth.
Your uncanny sense of smell can sniff out nearby items.
Your experience applies equally to all skills.
You tend to lose your temper in combat.


Message History

You hit the green ugly thing.
The green ugly thing is heavily wounded.
The wall freezes the green ugly thing.
The green ugly thing gores you!
You are poisoned.
The green ugly thing poisons you!
You hit the green ugly thing.
The green ugly thing is heavily wounded.
You feel extremely sick.
The wall freezes the green ugly thing.
You block the green ugly thing's attack.
You barely miss the green ugly thing.
You bite the green ugly thing, but do no damage.
The green ugly thing is heavily wounded.
You feel extremely sick.
The wall freezes the green ugly thing.
The green ugly thing barely misses you.
The wall freezes the green ugly thing.
The green ugly thing basks in the mutagenic energy from its kin and changes!
You puncture the green ugly thing!
The green ugly thing is almost dead.
* * * LOW HITPOINT WARNING * * *
You feel very sick.
Unknown command.
You hit the green ugly thing.
You bite the green ugly thing, but do no damage.
The green ugly thing is almost dead.
You feel very sick.
The wall freezes the green ugly thing.
The green ugly thing closely misses you.
Unknown command.
You hit the green ugly thing but do no damage.
The green ugly thing is almost dead.
You feel very sick.
The wall freezes the green ugly thing.
You kill the green ugly thing!
Dithmenos accepts your kill.
The white ugly thing resists.
The wall freezes the white ugly thing.
The white ugly thing punches you.
* * * LOW HITPOINT WARNING * * *
The white ugly thing freezes you!!
You die...

)# ######### .#
#.......# .#
###.......# .#
##.........# .#
#..#.......####
.######.##.>........
.'......##.......##
.#########.......# ##
####...@#
##########u#
##...u........#
#####.....u./......#
....# #............#
....# #............#
....#.#.............
......#..♣.........##
....###♣.∩.♣.....J


You could see a white ugly thing.

Vanquished Creatures
  An orc warlord (Bailey)
  A hydra (D:12)
  3 boulder beetles
  5 two-headed ogres
  A tengu warrior (D:14)
  14 slime creatures
  6 skeletal warriors (D:13)
  A deep elf pyromancer (D:12)
  A shining eye (shapeshifter) (D:9)
  5 ugly things
  A cyclops (D:12)
  2 gargoyles
  A kobold demonologist (D:11)
  An unseen horror (D:12)
  A tengu conjurer (D:14)
  3 trolls
  A meliai zombie (D:11)
  A vampire (D:13)
  2 shadows
  A wyvern (D:8)
  Eustachio (D:6)
  8 yaks
  A steam dragon (D:10)
  4 vampire mosquitoes (D:12)
  Edmund (D:5)
  3 acid dragons
  5 water moccasins
  9 orc warriors
  A hornet zombie (D:8)
  A necrophage (D:8)
  An ice beast (D:4)
  6 centaurs
  2 phantoms (D:6)
  17 kobold brigands
  5 bullfrogs
  2 scorpions
  A wyvern skeleton (D:6)
  12 killer bees
  19 wights
  4 centaur zombies
  A bullfrog zombie (D:6)
  4 hounds
  2 jellies
  5 orc priests
  A bullfrog skeleton (D:6)
  5 orc wizards
  2 iguanas
  2 hound zombies (D:5)
  A howler monkey zombie (D:9)
  7 adders
  11 gnolls
  2 howler monkey skeletons
  A shadow imp (D:6)
  2 worms
  The ghost of P0WERM0DE the Sneak, a weakling OpDe (D:5)
  2 dart slugs
  30 orcs
  3 endoplasms
  3 giant cockroaches
  8 hobgoblins
  4 jackals (D:4)
  A quokka (D:3)
  11 ball pythons
  2 bats
  5 frilled lizards
  10 goblins
  32 kobolds
  6 rats
319 creatures vanquished.

Vanquished Creatures (collateral kills)
  A scorpion (D:11)
1 creature vanquished.

Vanquished Creatures (others)
  A deep elf pyromancer (D:13)
  A kobold (D:9)
  7 fungi (D:11)
  37 plants
46 creatures vanquished.

Grand Total: 366 creatures vanquished

Notes
Turn   | Place    | Note
-------+----------+-------------------------------------------
     0 | D:1      | Ablot the Gnoll Warper began the quest for the Orb.
     0 | D:1      | Reached XP level 1. HP: 20/20 MP: 6/6
   165 | D:1      | Reached XP level 2. HP: 10/26 MP: 7/7
   168 | D:1      | Learned a level 2 spell: Blink
   859 | D:1      | Reached skill level 5 in Spellcasting
   859 | D:1      | Reached XP level 3. HP: 31/31 MP: 7/9
   912 | D:2      | Found Caibb's Jewellery Emporium.
  1079 | D:1      | Reached skill level 1 in Invocations
  1157 | D:1      | Reached skill level 1 in Short Blades
  1157 | D:1      | Reached skill level 1 in Long Blades
  1157 | D:1      | Reached skill level 1 in Axes
  1157 | D:1      | Reached skill level 1 in Maces & Flails
  1157 | D:1      | Reached skill level 1 in Staves
  1157 | D:1      | Reached skill level 1 in Slings
  1157 | D:1      | Reached skill level 1 in Bows
  1157 | D:1      | Reached skill level 1 in Crossbows
  1157 | D:1      | Reached skill level 1 in Stealth
  1157 | D:1      | Reached skill level 1 in Shields
  1157 | D:1      | Reached skill level 1 in Unarmed Combat
  1157 | D:1      | Reached skill level 1 in Evocations
  1327 | D:1      | Reached XP level 4. HP: 20/38 MP: 11/11
  1523 | D:2      | Found a faded altar of an unknown god.
  2160 | D:3      | Reached skill level 1 in Conjurations
  2160 | D:3      | Reached skill level 1 in Hexes
  2160 | D:3      | Reached skill level 1 in Summonings
  2160 | D:3      | Reached skill level 1 in Necromancy
  2160 | D:3      | Reached skill level 1 in Transmutations
  2160 | D:3      | Reached skill level 1 in Fire Magic
  2160 | D:3      | Reached skill level 1 in Ice Magic
  2160 | D:3      | Reached skill level 1 in Air Magic
  2160 | D:3      | Reached skill level 1 in Earth Magic
  2160 | D:3      | Reached skill level 1 in Poison Magic
  2376 | D:3      | Reached XP level 5. HP: 31/43 MP: 12/12
  3405 | D:4      | Reached XP level 6. HP: 18/50 MP: 10/13
  3937 | D:4      | Got the Almanac of the Virous Birds
  4074 | D:4      | Reached skill level 5 in Fighting
  4074 | D:4      | Reached skill level 5 in Polearms
  4074 | D:4      | Reached skill level 5 in Dodging
  4142 | D:4      | Noticed an ice beast
  4151 | D:4      | Killed an ice beast
  4505 | D:5      | Entered Level 5 of the Dungeon
  4628 | D:5      | Reached XP level 7. HP: 49/56 MP: 15/15
  4671 | D:5      | Noticed Edmund
  4690 | D:5      | Killed Edmund
  4770 | D:5      | Found a runed translucent gate.
  4770 | D:5      | Found a runed translucent gate.
  4770 | D:5      | Found a runed translucent gate.
  4770 | D:5      | Noticed P0WERM0DE's ghost (weakling OpDe)
  4784 | D:5      | Killed P0WERM0DE's ghost
  5084 | D:5      | Reached XP level 8. HP: 40/63 MP: 16/16
  5534 | D:5      | Noticed a two-headed ogre
  5567 | D:5      | Killed a two-headed ogre
  5948 | D:6      | Reached XP level 9. HP: 36/69 MP: 18/18
  6452 | D:6      | Found a blossoming altar of Fedhas.
  6550 | D:6      | Found a staircase to the Ecumenical Temple.
  6558 | Temple   | Entered the Ecumenical Temple
  6715 | Temple   | Became a worshipper of Dithmenos the Shadowed
  6835 | D:6      | Noticed Eustachio
  6859 | D:6      | Killed Eustachio
  6860 | D:6      | Reached skill level 5 in Throwing
  6860 | D:6      | Reached skill level 5 in Armour
  7267 | D:6      | Found an ornate altar of the Wu Jian Council.
  7874 | D:7      | Reached skill level 5 in Invocations
  8151 | D:7      | Found Xaamad Abine's Jewellery Shop.
  8349 | D:7      | Reached XP level 10. HP: 77/77 MP: 20/20
  8678 | D:8      | Identified the +9 rapier of Gravity {vorpal, rC++}
  8700 | D:8      | Reached skill level 5 in Short Blades
  8700 | D:8      | Reached skill level 5 in Long Blades
  8700 | D:8      | Reached skill level 5 in Axes
  8700 | D:8      | Reached skill level 5 in Maces & Flails
  8700 | D:8      | Reached skill level 5 in Staves
  8700 | D:8      | Reached skill level 5 in Slings
  8700 | D:8      | Reached skill level 5 in Bows
  8700 | D:8      | Reached skill level 5 in Crossbows
  8700 | D:8      | Reached skill level 5 in Stealth
  8700 | D:8      | Reached skill level 5 in Shields
  8700 | D:8      | Reached skill level 5 in Unarmed Combat
  8700 | D:8      | Reached skill level 5 in Evocations
  8702 | D:8      | Identified the +10 short sword of Shrieking Terror {vorpal,
                  | rF+ Str+6}
  8921 | D:8      | Identified the +7 falchion of World Downfall {vorpal, rC+
                  | rN+ Str-4 Int+7}
  8961 | D:8      | Found a flagged portal.
  8988 | Bailey   | Entered a bailey
  9023 | Bailey   | Noticed an orc warlord
  9024 | Bailey   | Reached * piety under Dithmenos
  9275 | Bailey   | Found a runed translucent gate.
  9277 | Bailey   | Found a runed translucent gate.
  9350 | Bailey   | Found a runed translucent gate.
  9391 | Bailey   | Killed an orc warlord
 10602 | D:9      | Noticed an eye of devastation
 10891 | D:9      | Noticed a shining eye
 10891 | D:9      | an eye of devastation changed into a shining eye
 10893 | D:9      | Gained mutation: You tend to lose your temper in combat. [a
                  | shining eye]
 10895 | D:9      | Killed a shining eye
 10900 | D:8      | Reached ** piety under Dithmenos
 11271 | D:9      | Reached XP level 11. HP: 84/84 MP: 22/22
 11837 | D:10     | Entered Level 10 of the Dungeon
 11837 | D:10     | Noticed a two-headed ogre
 11849 | D:10     | Killed a two-headed ogre
 11850 | D:10     | Reached skill level 5 in Conjurations
 11850 | D:10     | Reached skill level 5 in Hexes
 11850 | D:10     | Reached skill level 5 in Summonings
 11850 | D:10     | Reached skill level 5 in Necromancy
 11850 | D:10     | Reached skill level 5 in Transmutations
 11850 | D:10     | Reached skill level 5 in Fire Magic
 11850 | D:10     | Reached skill level 5 in Ice Magic
 11850 | D:10     | Reached skill level 5 in Air Magic
 11850 | D:10     | Reached skill level 5 in Earth Magic
 11850 | D:10     | Reached skill level 5 in Poison Magic
 12186 | D:10     | HP: 1/85 [yak (8)]
 12688 | D:10     | Found a hide-covered altar of Uskayaw.
 12708 | D:10     | Found a white marble altar of Elyvilon.
 13568 | D:11     | Noticed a boulder beetle
 13598 | D:11     | Noticed a two-headed ogre
 13731 | D:11     | Learned a level 2 spell: Call Imp
 13735 | D:11     | Learned a level 3 spell: Gell's Gravitas
 13737 | D:11     | Learned a level 1 spell: Animate Skeleton
 13829 | D:10     | Killed a boulder beetle
 14021 | D:11     | Found a staircase to the Lair.
 14066 | D:11     | Killed a two-headed ogre
 14318 | D:11     | Found a staircase to the Orcish Mines.
 14631 | D:11     | Learned a level 3 spell: Mephitic Cloud
 14642 | D:11     | Reached *** piety under Dithmenos
 14673 | D:11     | Reached XP level 12. HP: 79/93 MP: 24/24
 14681 | D:11     | Learned a level 3 spell: Frozen Ramparts
 14685 | D:11     | Learned a level 3 spell: Vampiric Draining
 15120 | D:12     | Noticed a two-headed ogre
 15129 | D:12     | Killed a two-headed ogre
 16105 | D:12     | Noticed a six-headed hydra
 16105 | D:12     | Noticed a two-headed ogre
 16107 | D:12     | Killed a two-headed ogre
 16111 | D:12     | Killed a six-headed hydra
 16308 | D:13     | Found Qyf Upat's Antique Weapon Shoppe.
 16705 | D:13     | Found Wocat's Jewellery Shop.
 16865 | D:13     | Noticed Snorg
 16865 | D:13     | Noticed a centaur warrior
 17376 | D:13     | Noticed a boulder beetle
 17392 | D:13     | Killed a boulder beetle
 18383 | D:13     | Reached XP level 13. HP: 38/101 MP: 26/26
 18927 | D:14     | Found Digugus's Armour Emporium.
 19052 | D:14     | Reached **** piety under Dithmenos
 19782 | D:14     | Demolished by a white ugly thing

Illustrated notes

Levels and vault maps discovered:
D:1:      evilmike_arrival_fibonacci_small, layout_rooms
D:2:      layout_rooms, serial_shops, shop, dreamdust_ecumenical_altar_statues,
          chequers_serial_rivers_micro_a
D:3:      layout_loops_corners
D:4:      layout_cave_pods, amcnicky_mini_pool_small, grunt_ministairs_12
D:5:      layout_loops_ring, ebering_ghost_rock_garden, uniq_edmund
D:6:      kennysheep_spiral_hall, layout_basic, old_standard_altar,
          fedhas_altar_4, minmay_temple_entry_fiery,
          minmay_misc_feat_more_columns, uniq_eustachio
D:7:      layout_loops_ring, serial_shops, nicolae_diamond_shop
D:8:      layout_loops_ring, enter_bailey_4
D:9:      layout_cave_pools
D:10:     layout_basic, mainiacjoe_overflow_large_starburst
D:11:     layout_rooms, grunt_lair_entry_orc_guard_hut, david_orc_3,
          special_room [special_room_kobold], kennysheep_path_1
D:12:     layout_roguey
D:13:     layout_irregular_city, serial_shops, nicolae_shop_stone,
          nicolae_stop_n_shop_2, uniq_snorg
D:14:     layout_roguey [special_room_orc], david_vaults_5, serial_shops,
          nicolae_shop_trees, roderic_three_in_a_row, serial_bayou_pond_c,
          uniq_jorgrun, uniq_rupert
Temple:   mainiacjoe_temple_coin_purse

Skill      XL: |  1  2  3  4  5  6  7  8  9 10 11 12 13 |
---------------+----------------------------------------+-----
Spellcasting   | 5 6 7 8 9 |  9.7
Invocations    | 1 2 3 4 5 6 7 8 9 |  9.0
Short Blades   | 1 2 3 4 5 6 7 8 |  8.2
Long Blades    | 1 2 3 4 5 6 7 8 |  8.2
Axes           | 1 2 3 4 5 6 7 8 |  8.2
Maces & Flails | 1 2 3 4 5 6 7 8 |  8.2
Staves         | 1 2 3 4 5 6 7 8 |  8.2
Slings         | 1 2 3 4 5 6 7 8 |  8.2
Bows           | 1 2 3 4 5 6 7 8 |  8.2
Crossbows      | 1 2 3 4 5 6 7 8 |  8.2
Stealth        | 1 2 3 4 5 6 7 8 |  8.2
Shields        | 1 2 3 4 5 6 7 8 |  8.2
Unarmed Combat | 1 2 3 4 5 6 7 8 |  8.2
Evocations     | 1 2 3 4 5 6 7 8 |  8.2
Conjurations   | 1 2 3 4 5 6 |  6.8
Hexes          | 1 2 3 4 5 6 |  6.8
Summonings     | 1 2 3 4 5 6 |  6.8
Necromancy     | 1 2 3 4 5 6 |  6.8
Transmutations | 1 2 3 4 5 6 |  6.8
Fire Magic     | 1 2 3 4 5 6 |  6.8
Ice Magic      | 1 2 3 4 5 6 |  6.8
Air Magic      | 1 2 3 4 5 6 |  6.8
Earth Magic    | 1 2 3 4 5 6 |  6.8
Poison Magic   | 1 2 3 4 5 6 |  6.8
Throwing       | 3 4 5 6 7 8 |  8.6
Armour         | 3 4 5 6 7 8 |  8.6
Fighting       | 5 6 7 8 9 |  9.5
Polearms       | 5 6 7 8 9 |  9.5
Dodging        | 5 6 7 8 9 |  9.5
Translocations | 6 7 8 |  8.8

Action                   |  1- 3 |  4- 6 |  7- 9 | 10-12 | 13-15 || total
-------------------------+-------+-------+-------+-------+-------++-------
Melee: Spear             |   115 |    13 |    30 |    28 |       ||   186
       Bite              |     9 |    21 |    40 |    95 |    17 ||   182
       Short sword       |       |   161 |   250 |   692 |   113 ||  1216
       Punch             |       |     2 |    10 |    25 |       ||    37
       Rapier            |       |       |       |     6 |       ||     6
 Fire: Hunting sling     |       |     6 |    48 |       |       ||    54
Throw: Dart              |     2 |       |    11 |    16 |     4 ||    33
       Stone             |     1 |       |       |       |       ||     1
       Boomerang         |       |       |       |    15 |    23 ||    38
 Cast: Blink             |       |     3 |       |     4 |     2 ||     9
       Call Imp          |       |       |       |     2 |     1 ||     3
       Frozen Ramparts   |       |       |       |     3 |     9 ||    12
       Vampiric Draining |       |       |       |     1 |       ||     1
Evoke: Wand              |       |       |       |     2 |       ||     2
  Use: Scroll            |       |       |       |    14 |     1 ||    15
       Potion            |       |       |       |     2 |       ||     2
 Stab: Sleeping          |       |     1 |     4 |    14 |     5 ||    24
       Distracted        |       |       |       |     1 |       ||     1
Armor: Leather armour    |    17 |    49 |    69 |    31 |       ||   166
       Steam dragon scal |       |       |       |    70 |    14 ||    84
Dodge: Dodged            |    41 |   101 |   204 |   405 |    33 ||   784
Block: Other             |    10 |    43 |    71 |    74 |       ||   198
       Reflection        |       |     1 |     2 |     7 |       ||    10
       Buckler           |       |       |       |    81 |    25 ||   106
